 Dungeon Crawl Stone Soup version 0.29.1-15-g9cfb28693d (webtiles) character file.

Game seed: 17710691111720004485

4995 PhantomBowie the Fighter (level 10, -1/65 HPs)
             Began as a Gargoyle Berserker on Mar 2, 2023.
             Was a High Priest of Trog.
             Killed from afar by Erica (38 damage)
             ... with a lance of force
             ... on level 8 of the Dungeon.
             The game lasted 00:34:36 (10230 turns).

PhantomBowie the Fighter (Gargoyle Berserker)      Turns: 10230, Time: 00:34:37

Health: -1/65      AC: 26    Str: 25    XL:     10   Next: 54%
Magic:  10/10      EV:  7    Int:  8    God:    Trog [*****.]
Gold:   481        SH: 16    Dex: 13    Spells: 9/9 levels left

rFire   . . .      SeeInvis +   g - +9 hammer of Agoceh {spect, rElec rC+ Will+ Dex+4}
rCold   + . .      Faith    .   y - +2 tower shield
rNeg    + . .      Spirit   .   D - +1 chain mail {Will+}
rPois   ∞          Reflect  .   m - +0 helmet
rElec   +          Harm     .   v - +0 cloak
rCorr   .          Rampage  .   b - +2 pair of gloves
Will    +++..                   E - +0 pair of boots
Stlth   ..........              (no amulet)
HPRegen 0.20/turn               l - ring of willpower
MPRegen 0.12/turn               x - ring of see invisible

@: no status effects
A: sickness immunity, AC +7, negative energy resistance 1, electricity
resistance, torment resistance 1, petrification resistance
a: Renounce Religion, Berserk, Trog's Hand, Brothers in Arms


You were on level 8 of the Dungeon.
You worshipped Trog.
Trog was extremely pleased with you.
You visited 2 branches of the dungeon, and saw 9 of its levels.

You collected 481 gold pieces.

Inventory:

Hand Weapons
 g - the +9 hammer of Agoceh (weapon) {spect, rElec rC+ Will+ Dex+4}
   (You found it on level 6 of the Dungeon)

   When its wielder attacks, the weapon's spirit leaps out and strikes again.
   The spirit shares a part of any damage it takes with its wielder.
   Dex:       It affects your dexterity (+4).
   rC:        It protects you from cold.
   rElec:     It insulates you from electricity.
   Will:      It increases your willpower.
 r - a +0 flail
Missiles
 B - a throwing net (quivered)
Armour
 b - a +2 pair of gloves (worn)
 m - a +0 helmet (worn)
 v - a +0 cloak (worn)
 y - a +2 tower shield (worn)
 D - a +1 chain mail of willpower (worn)
 E - a +0 pair of boots (worn)
 H - a +0 plate armour
Jewellery
 e - a ring of flight
 l - a ring of willpower (left hand)
 x - a ring of see invisible (right hand)
 F - a +4 ring of slaying
 I - a +6 ring of strength
Wands
 s - a wand of mindburst (26)
 J - a wand of flame (6)
Scrolls
 a - 3 scrolls of enchant armour
 c - a scroll of fear {unknown}
 d - 2 scrolls of butterflies
 f - 5 scrolls of immolation
 h - a scroll of silence
 n - 2 scrolls of magic mapping
 q - a scroll of amnesia {unknown}
 u - 6 scrolls of teleportation
 A - a scroll of noise {unknown}
 G - a scroll of enchant weapon {unknown}
Potions
 i - a potion of attraction {unknown}
 j - 2 potions of magic
 k - 2 potions of mutation
 o - a potion of cancellation {unknown}
 p - 2 potions of heal wounds
 t - a potion of resistance
 w - a potion of degeneration {unknown}
 z - 3 potions of curing {unknown}
 C - a potion of lignification {unknown}


   Skills:
 + Level 8.5 Fighting
 + Level 7.8 Maces & Flails
 + Level 8.1 Armour
 + Level 6.1 Dodging
 + Level 5.8 Shields


You had 9 spell levels left.
You didn't know any spells.
Your spell library was empty.

Dungeon Overview and Level Annotations

Branches:
Dungeon (8/15)             Temple (1/1) D:5
   Lair: D:8-11

Altars:
Ashenzari
Cheibriados
Dithmenos
Elyvilon
Fedhas
Gozag
Hepliaklqana
Kikubaaqudgha
Makhleb
Nemelex Xobeh
Okawaru
Qazlal
Ru
Sif Muna
Trog
Vehumet
Wu Jian
Xom
Yredelemnul
Zin
The Shining One

Annotations:
D:8 Erica


Innate Abilities, Weirdness & Mutations

You are immune to sickness and miasma.
Your stone body is resilient. (AC +7)
You are immune to poison.
You resist negative energy. (rN+)
You are resistant to electric shocks. (rElec)
You are resistant to unholy torment.
You are immune to petrification.


Message History

Erica gestures at you while chanting.
The bolt of poison hits you but does no damage.
You resist. You block Erica's attack.
You sock Erica!
Erica is severely wounded.
You block Erica's attack.
You thump Erica!
Erica is almost dead.
Erica hits you but does no damage.
You closely miss Erica.
Erica is almost dead.
Erica seems less brilliant.
Erica hits you but does no damage. x2
You barely miss Erica.
Erica is almost dead.
Erica drinks a potion.
Erica's spells are empowered!
You closely miss Erica.
Erica is almost dead.
Erica hits you with a +2 scimitar of flaming.
Erica burns you.
You completely miss Erica.
Erica is almost dead.
Erica points at you and mumbles some strange words.
You resist with almost no effort. You block Erica's attack.
You hit Erica.
Erica is almost dead.
You block Erica's attack.
You hit Erica but do no damage.
Erica is almost dead.
Erica hits you with a +2 scimitar of flaming.
Erica burns you.
You barely miss Erica.
Erica is almost dead.
Erica points at you and mumbles some strange words.
The lance of force hits you!!
You are knocked back by the lance of force.
You slam into the rock wall!
Erica gestures at you while chanting. The lance of force hits you!!!
Ouch! That really hurt!
You die...

### ### #.# ##.# #.##### ...# #..
..# ##.# #.# #.# ##.# #@# #.#
###### ##.# ###@###.#######.....
##.###### #.............'.....
#.......# #######.#######.....
#..####.# #.# #.<... #..# #.#
###### #.# #..... #†.# #.# #....#
#.# #####. #..# ##.# #....# #.#
#.
#..##>#.####....####.###########.
...........:.......#.##..........


You could see Erica (empowered).

Vanquished Creatures
  Pikel (D:6)
  Prince Ribbit (D:6)
  A hornet (D:8)
  Sigmund (D:3)
  Menkaure (D:4)
  An acid dragon (D:5)
  Edmund (D:5)
  3 black bears
  2 ice beasts
  An orc warrior (D:8)
  A sky beast (D:6)
  3 centaurs
  3 lemures
  2 phantoms
  3 kobold brigands
  A necrophage (D:5)
  3 bullfrogs (D:8)
  2 gnoll sergeants
  5 scorpions
  8 wights (D:8)
  3 jellies
  5 killer bees (D:8)
  A howler monkey (D:7)
  3 electric eels (D:7)
  A hound (D:5)
  An orc priest (D:5)
  Crazy Yiuf (D:6)
  4 iguanas
  8 orc wizards
  Robin (D:3)
  26 gnolls
  2 adders
  A shadow imp (D:5)
  2 white imps
  2 ufetubi
  2 worms (D:3)
  A dart slug (D:1)
  33 orcs
  3 bats
  9 endoplasms
  3 giant cockroaches
  15 goblins
  6 hobgoblins
  2 jackals (D:5)
  18 kobolds
  4 quokkas
  6 ball pythons
  6 frilled lizards
  5 rats
218 creatures vanquished.

Vanquished Creatures (others)
  27 fungi
  48 plants
75 creatures vanquished.

Grand Total: 293 creatures vanquished

Notes
Turn   | Place    | Note
-------+----------+-------------------------------------------
     0 | D:1      | PhantomBowie the Gargoyle Berserker began the quest for the
                  | Orb.
     0 | D:1      | Reached XP level 1. HP: 14/14 MP: 1/1
   333 | D:1      | Found a faded altar of an unknown god.
   370 | D:1      | Reached XP level 2. HP: 19/19 MP: 2/2
  1556 | D:2      | Reached XP level 3. HP: 24/24 MP: 3/3
  2498 | D:3      | Reached XP level 4. HP: 27/29 MP: 4/4
  2498 | D:3      | Reached ** piety under Trog
  2507 | D:3      | Noticed Sigmund
  2537 | D:3      | Killed Sigmund
  2538 | D:3      | Reached XP level 5. HP: 4/34 MP: 5/5
  2538 | D:3      | Reached XP level 6. HP: 5/39 MP: 6/6
  3071 | D:3      | Reached skill level 5 in Fighting
  3096 | D:3      | Noticed Robin
  3136 | D:3      | Killed Robin
  3240 | D:3      | Found a stormy altar of Qazlal.
  3833 | D:4      | Reached XP level 7. HP: 35/44 MP: 7/7
  4038 | D:4      | Found a broken altar of Ashenzari.
  4704 | D:4      | Found a basalt altar of Yredelemnul.
  4705 | D:4      | Found a sacrificial altar of Ru.
  4705 | D:4      | Found a glowing silver altar of Zin.
  5047 | D:5      | Entered Level 5 of the Dungeon
  5171 | D:5      | Reached skill level 5 in Maces & Flails
  5184 | D:5      | Reached skill level 5 in Armour
  5229 | D:5      | Identified the +1 leather armour "Zecsoki" {+Inv rF++ rN++}
  5375 | D:5      | Noticed Menkaure
  5385 | D:4      | Killed Menkaure
  5386 | D:4      | Reached XP level 8. HP: 26/51 MP: 8/8
  5578 | D:4      | Reached *** piety under Trog
  6071 | D:5      | Identified the +2 leather armour of Pugoq {Harm rN+ Str+2}
  6227 | D:5      | Reached skill level 1 in Shields
  6486 | D:5      | Found a staircase to the Ecumenical Temple.
  6501 | Temple   | Entered the Ecumenical Temple
  7411 | D:6      | Noticed Pikel
  7461 | D:5      | Reached XP level 9. HP: 22/56 MP: 9/9
  7739 | D:6      | Found a shadowy altar of Dithmenos.
  7798 | D:6      | Identified the +9 hammer of Agoceh {spect, rElec rC+ Will+
                  | Dex+4}
  7858 | D:6      | Found a shimmering altar of Xom.
  7875 | D:6      | Found a runed translucent door.
  7876 | D:6      | Noticed Crazy Yiuf
  7881 | D:6      | Killed Crazy Yiuf
  8016 | D:6      | Found a blossoming altar of Fedhas.
  8231 | D:6      | Noticed Edmund
  8249 | D:5      | Killed Edmund
  8275 | D:6      | Killed Pikel
  8276 | D:6      | Reached skill level 5 in Dodging
  8404 | D:6      | Noticed Prince Ribbit
  8410 | D:6      | Killed Prince Ribbit
  8577 | D:7      | Reached **** piety under Trog
  8772 | D:7      | Reached XP level 10. HP: 58/64 MP: 10/10
  8886 | D:7      | Reached skill level 5 in Shields
  9074 | D:7      | Found a white marble altar of Elyvilon.
  9083 | D:7      | Found an ornate altar of the Wu Jian Council.
  9279 | D:7      | Found a radiant altar of Vehumet.
  9288 | D:7      | Found an ancient bone altar of Kikubaaqudgha.
  9297 | D:7      | Found a shimmering blue altar of Sif Muna.
  9884 | D:8      | Reached ***** piety under Trog
 10211 | D:8      | Noticed Erica
 10230 | D:8      | Killed from afar by Erica

Illustrated notes

Levels and vault maps discovered:
D:1:      minmay_arrival_glassed_features, layout_basic,
          hellmonk_ecumenical_altar_heavens_door
D:2:      layout_loops_ring
D:3:      layout_rooms, nicolae_qazlal_general_emergency, chequers_big_river,
          small_statue_intersection, hangedman_decor_clover_reticule,
          kennysheep_generic_room_12, uniq_sigmund, uniq_robin
D:4:      layout_basic, mainiacjoe_overflow_boulevard,
          gammafunk_temple_overflow_claw, minmay_misc_feat_pillars,
          chequers_serial_rivers_micro_a
D:5:      layout_gridville, temple_fountains, uniq_menkaure
D:6:      layout_basic, mainiacjoe_overflow_paths, kennysheep_mini_moat,
          mainiacjoe_overflow_cross_hatched, uniq_edmund,
          uniq_crazy_yiuf_cottage, uniq_prince_ribbit1, uniq_pikel
D:7:      layout_rooms, palyth_temple_overflow_mages, mainiacjoe_overflow_swirl,
          serial_bayou, serial_bayou_pond_c, serial_bayou_ford_a,
          serial_bayou_lagoon_b, serial_bayou_pond_c
D:8:      layout_basic, grunt_lair_entry_orc_guard_hut, serial_shops,
          nicolae_stop_n_shop_2, uniq_erica
Temple:   hellmonk_temple_two_chambers

Skill      XL: |  1  2  3  4  5  6  7  8  9 10 |
---------------+-------------------------------+-----
Dodging        | 2 3 4 5 6 |  6.1
Fighting       | 4 5 6 7 8 |  8.5
Armour         | 3 4 5 6 7 8 |  8.1
Maces & Flails | 4 5 6 7 |  7.8
Shields        | 2 4 5 |  5.8

Action                   |  1- 3 |  4- 6 |  7- 9 | 10-12 || total
-------------------------+-------+-------+-------+-------++-------
Melee: Mace              |   115 |   146 |   146 |   136 ||   543
       Punch             |       |     1 |     3 |       ||     4
       Flail             |       |       |   306 |       ||   306
Invok: Berserk           |       |     2 |     1 |       ||     3
  Use: Scroll            |       |       |     6 |     3 ||     9
Armor: Animal skin       |     3 |       |       |       ||     3
       Chain mail        |    50 |   117 |   322 |    62 ||   551
Dodge: Dodged            |    47 |    65 |   178 |    22 ||   312
Block: Buckler           |       |       |    28 |       ||    28
       Tower shield      |       |       |    36 |   122 ||   158
